 Dungeon Crawl Stone Soup version 0.20.1-1-g8b1a95d (webtiles) character file.

45 polik9 the Ducker (level 3, -7/18 HPs)
             Began as a Felid Berserker on July 9, 2017.
             Was a Follower of Trog.
             Mangled by a worker ant (8 damage)
             ... on level 4 of the Dungeon.
             The game lasted 00:09:33 (662 turns).

polik9 the Ducker (Felid Berserker)                  Turns: 662, Time: 00:09:34

Health: -7/18      AC:  1    Str: 14    XL:     3   Next: 42%
Magic:  4/4        EV: 19    Int: 13    God:    Trog [*.....]
Gold:   89         SH:  0    Dex: 15    Spells: 2/2 levels left
                                        Lives:  0   Deaths: 0

rFire    x . .     SeeInvis +     - Unarmed
rCold    + . .     Gourm    .   (shield unavailable)
rNeg     . . .     Faith    .   (armour unavailable)
rPois    .         Spirit   .   (helmet unavailable)
rElec    .         Reflect  .   (cloak unavailable)
rCorr    .         Harm     .   (gloves unavailable)
MR       .....                  (boots unavailable)
Stlth    ++........             (no amulet)
Regen    0.1/turn               d - ring of ice
MPRegen  0.1/turn               (no ring)

@: brilliant, lethally poisoned (-7 -> -18), quick
A: no armour, no weapons or thrown items, stealth, claws 1, fangs 3, see
invisible, carnivore 3, speed 1, robust 1, shaggy fur 1, slow metabolism 1, wild
magic 1, sharp paws
a: Berserk, Burn Spellbooks, Renounce Religion


You were on level 4 of the Dungeon.
You worshipped Trog.
Trog was aware of your devotion.
You were completely stuffed.

You visited 1 branch of the dungeon, and saw 4 of its levels.

You collected 89 gold pieces.

Inventory:

Jewellery
 d - a ring of ice (left paw)
Scrolls
 b - 2 scrolls of identify
Potions
 c - a potion of mutation
Comestibles
 a - a meat ration


   Skills:
 + Level 3.5 Fighting
 + Level 4.5 Dodging
 + Level 3.7 Unarmed Combat


You had 2 spell levels left.
You didn't know any spells.

Dungeon Overview and Level Annotations

Branches:
Dungeon (4/15)
 Temple: D:4-7

Altars:

Annotations:
D:4 zag's ghost, amateur NaFE


Innate Abilities, Weirdness & Mutations

You cannot wear armour.
You are incapable of wielding weapons or throwing items.
Your paws allow you to move quietly. (Stealth)
You have sharp claws.
You have razor-sharp teeth.
You have supernaturally acute eyesight. (SInv)
You are carnivorous and can eat meat at any time.
You cover ground quickly.
You are covered in fur. (AC +1)
You have a slow metabolism.
Your sharp claws are effective at attacking unaware monsters.
You are robust. (+10% HP)
Your spells are a little harder to cast, but a little more powerful.


Message History

Found 11 gold pieces.
There is a stone staircase leading up here.
The worker ant twitches its antennae in your direction.
Zag's ghost (amateur Naga Fire Elementalist) comes into view.
An iguana comes into view.
You see here 11 gold pieces.
You now have 89 gold pieces (gained 11).
The worker ant bites you. The worker ant bites you.
* * * LOW HITPOINT WARNING * * *
You are lethally poisoned!
The worker ant poisons you!
It was a potion of brilliance.
You feel clever all of a sudden.
* * * LOW HITPOINT WARNING * * *
You feel sick. The worker ant misses you.
You eat one of the 2 meat rations.
That meat ration really hit the spot!
* * * LOW HITPOINT WARNING * * *
You feel sick. The worker ant bites you!
You die...

.. ##.# #...
#.#.#########
#. ..........
#.##.........
#.#..........
#.@..<.......
###a.........
#..........
#..........
##.W.......
##........
...#.....
......#..
....l.


You could see a worker ant and zag's ghost.

Vanquished Creatures
  3 adders
  A worm (D:2)
  A dart slug (D:1)
  A leopard gecko (D:2)
  4 goblins
  A hobgoblin (D:2)
  A frilled lizard (D:2)
  A rat (D:2)
13 creatures vanquished.

Notes
Turn   | Place    | Note
-------+----------+-------------------------------------------
     0 | D:1      | polik9 the Felid Berserker began the quest for the Orb.
     0 | D:1      | Reached XP level 1. HP: 10/10 MP: 2/2
   240 | D:2      | Reached XP level 2. HP: 14/14 MP: 3/3
   555 | D:2      | Reached XP level 3. HP: 8/17 MP: 4/4
   620 | D:3      | Gained mutation: Your spells are a little harder to cast, but a little more powerful. [potion of mutation]
   620 | D:3      | Gained mutation: You are robust. (+10% HP) [potion of mutation]
   657 | D:4      | Noticed zag's ghost (amateur NaFE)
   662 | D:4      | Mangled by a worker ant

Action                   || total
-------------------------++-------
Melee: Unarmed           ||    50
       Bite              ||     5
       Punch             ||     1
  Use: Scroll            ||     4
       Potion            ||     2
  Eat: Meat ration       ||     1
Dodge: Dodged            ||    37
